 Seeded DCSS version 0.29-a0-207-gf982a884d8 (webtiles) character file.

Game seed: 13219885370010268331 (custom seed)

140 Hubjo the Sneak (level 5, 0/30 HPs)
             Began as a Vampire Enchanter on Feb 23, 2022.
             Slain by a quokka (2 damage)
             ... on level 3 of the Dungeon.
             The game lasted 00:09:49 (2868 turns).

Hubjo the Sneak (Vampire Enchanter)                 Turns: 2868, Time: 00:09:49

Health: 0/30       AC:  3    Str: 13    XL:     5   Next: 2%
Magic:  8/8        EV: 13    Int: 17    God:
Gold:   92         SH:  0    Dex: 17    Spells: 2/8 levels left

rFire   + . .      SeeInvis +   a - +1 dagger (vorpal)
rCold   + + .      Faith    .   (no shield)
rNeg    + + +      Spirit   .   b - +1 robe
rPois   ∞          Reflect  .   (no helmet)
rElec   .          Harm     .   (no cloak)
rCorr   .          Rampage  .   (no gloves)
Will    +....                   (no boots)
Stlth   +++++.....              f - amulet of the acrobat
HPRegen 0.00/turn               k - +6 ring of strength
MPRegen 0.11/turn               (no ring)

@: bloodless, inhibited regen
A: bloodless, fangs 3, see invisible, vampiric 2, fire resistance 1,
strong-willed 1
a: Bat Form, Revivify


You were on level 3 of the Dungeon.
You visited 1 branch of the dungeon, and saw 4 of its levels.

You collected 92 gold pieces.

Inventory:

Hand Weapons
 a - a +1 vorpal dagger (weapon)
Armour
 b - a +1 robe (worn)
Jewellery
 f - an amulet of the acrobat (around neck)
 k - a +6 ring of strength (left hand)
 p - a ring of protection from cold
Potions
 j - 2 potions of brilliance


   Skills:
 * Level 2.1 Fighting
 + Level 2.0 Short Blades
 + Level 2.9 Dodging
 * Level 6.0 Stealth
 - Level 2.0 Spellcasting
 + Level 5.2 Hexes


You had 2 spell levels left.
You knew the following spells:

 Your Spells              Type           Power      Damage    Failure   Level
a - Dazzling Flash        Conj/Hex       20%        N/A       21%         3
b - Tukima's Dance        Hex            19%        N/A       7%          3

Your spell library contained the following spells:

 Spells                   Type           Power      Damage    Failure   Level
 Ensorcelled Hibernation  Hex/Ice        20%        N/A       10%         2
 Confusing Touch          Hex            19%        N/A       7%          3


Dungeon Overview and Level Annotations

Branches:
Dungeon (4/15)
 Temple: D:4-7

Altars:

Shops:
D:1 :


Innate Abilities, Weirdness & Mutations

You do not regenerate when monsters are visible.
You are frail without blood (-20% HP).
You can heal yourself when you bite living creatures.
You are immune to poison.
You have razor-sharp teeth.
You have supernaturally acute eyesight. (SInv)
You are afflicted with vampirism and can become a bat while bloodless.
Your flesh is heat resistant. (rF+)
You are strong-willed. (Will+)


Message History

Press: ? - help, Shift-Dir - straight line, f/p - orc
Aim: an orc, wielding a +0 whip and wearing a +0 leather armour (chance to affect: 69%)
The orc struggles to resist.
The necrophage hits you.
* * * LOW HITPOINT WARNING * * *
Casting: Tukima's Dance (quite dangerous; 7% risk of failure)
Confirm with . or Enter, or press ? or * to list all spells.
You don't have enough magic to cast this spell.
The phantom completely misses you.
A hound skeleton comes into view.
The hound skeleton moves out of view.
An adder comes into view.
Found a dagger.
Found 12 gold pieces.
You see here 12 gold pieces.
Found a stone staircase leading down.
An endoplasm comes into view.
The endoplasm moves out of view.
Found a stone staircase leading up.
The necrophage barely misses you.
The endoplasm quivers.
Found a +6 ring of strength.
There is a stone staircase leading up here.
You climb upwards.
Found 2 gold pieces and a hunting sling.
There is a stone staircase leading down here.
There are monsters nearby!
You are too injured to fight recklessly!
You are too injured to fight recklessly!
You are too injured to fight recklessly!
The goblin shouts!
You hear an angry hiss.
An endoplasm comes into view.
Found a scroll of teleportation.
You hit the quokka but do no damage.
The quokka bites you but does no damage.
You hit the quokka.
The quokka is severely wounded.
The quokka bites you.
* * * LOW HITPOINT WARNING * * *
The quokka bites you.
You die...

# .......# ...^...
.......# ###
#........####
......)+ ..# ..
.........[ .......#
#J#######.#
.......### .......#
#.#..gr@..# .......
.......# #.#.#######
.......
.......###.#.#######
.......###
......>..r.g........
..........
........g.........?.
..........
..................##
.......##.
....$.............#
....... #.
..............#####
....... #.
.######.......#
........##


You could see a quokka and a goblin.

Vanquished Creatures
  3 gnolls (D:2)
  5 adders
  An adder skeleton (D:2)
  3 worms
  2 dart slugs (D:3)
  5 orcs
  4 endoplasms
  3 goblins
  3 hobgoblins
  4 jackals (D:1)
  A quokka (D:3)
  5 ball pythons
  4 bats
  A frilled lizard (D:1)
  2 kobolds
  A rat (D:2)
47 creatures vanquished.

Vanquished Creatures (collateral kills)
  A dart slug (D:1)
1 creature vanquished.

Grand Total: 48 creatures vanquished

Notes
Turn   | Place    | Note
-------+----------+-------------------------------------------
     0 | D:1      | Hubjo the Vampire Enchanter began the quest for the Orb.
     0 | D:1      | Reached XP level 1. HP: 13/13 MP: 3/3
    11 | D:1      | Found Arhuwn's Book Shop.
   188 | D:1      | Reached XP level 2. HP: 7/20 MP: 5/5
   490 | D:2      | Reached skill level 1 in Fighting
   507 | D:2      | HP: 1/21 [poisoned by an adder]
   620 | D:2      | Reached skill level 5 in Stealth
   777 | D:2      | Gained mutation: You are afflicted with vampirism and can
                  | become a bat while bloodless. [Vampire growth]
   777 | D:2      | Reached XP level 3. HP: 8/26 MP: 6/6
  1119 | D:2      | Learned a level 3 spell: Dazzling Flash
  1123 | D:2      | Learned a level 3 spell: Tukima's Dance
  1295 | D:2      | Reached XP level 4. HP: 26/32 MP: 7/7
  1328 | D:2      | Reached skill level 5 in Hexes
  2386 | D:3      | Gained mutation: You are partially covered in large bone
                  | plates. (SH +4) [potion of mutation]
  2387 | D:3      | Lost mutation: You are partially covered in large bone
                  | plates. (SH +4) [potion of mutation]
  2387 | D:3      | Gained mutation: Your flesh is heat resistant. (rF+)
                  | [potion of mutation]
  2387 | D:3      | Gained mutation: You are strong-willed. (Will+) [potion of
                  | mutation]
  2543 | D:4      | Noticed a phantom
  2563 | D:4      | Noticed a necrophage
  2577 | D:3      | Reached skill level 6 in Stealth
  2577 | D:3      | Reached XP level 5. HP: 23/38 MP: 8/8
  2868 | D:3      | Slain by a quokka

Illustrated notes

Levels and vault maps discovered:
D:1:      dpeg_arrival_tiny_d, layout_rooms, serial_shops, shop,
          dilly_ecumenical_altar_fadedgnrine, nicolae_wormholes
D:2:      layout_loops_cross, minmay_pentomino_r4
D:3:      layout_basic, ebering_ghost_sewer_d
D:4:      layout_rooms, mainiacjoe_overflow_small_starburst, temple_green

Skill      XL: |  1  2  3  4 |
---------------+-------------+-----
Fighting       | 1 2 |  2.1
Stealth        | 5 6 |  6.0
Hexes          | 5 |  5.2
Short Blades   | 2 |  2.0
Dodging        | |  2.9
Spellcasting   | |  2.0

Action                   |  1- 3 |  4- 6 || total
-------------------------+-------+-------++-------
Melee: Dagger            |    94 |   112 ||   206
       Bite              |    12 |    13 ||    25
       Punch             |     1 |     1 ||     2
 Cast: Tukima's Dance    |       |     2 ||     2
 Abil: Exsanguinate      |       |     2 ||     2
  Use: Scroll            |     8 |     7 ||    15
       Potion            |     1 |     7 ||     8
 Stab: Sleeping          |     4 |     2 ||     6
       Fleeing           |       |     1 ||     1
       Invisible         |       |     1 ||     1
Armor: Robe              |    11 |    14 ||    25
Dodge: Dodged            |    70 |   107 ||   177

Table legend: (Time is in decaauts)
 A = Elapsed time spent in this place.
 B = Non-inter-level travel time spent in this place.
 C = Inter-level travel time spent in this place.
 D = Time resting spent in this place.
 E = Time spent auto-exploring this place.
 F = Levels seen in this place.
 G = Mean time per level.
                   A        B        C        D        E       F      G
               +--------+--------+--------+--------+--------+-----+--------+
         Total |   2870 |   2776 |     94 |   1051 |    989 |   4 |  717.5 |
       Dungeon |   2870 |   2776 |     94 |   1051 |    989 |   4 |  717.5 |
               +--------+--------+--------+--------+--------+-----+--------+

Top non-repeatable levels by time:
     D:2: 1466 daAuts
     D:3: 787 daAuts
     D:1: 390 daAuts
     D:4: 225 daAuts
